Map: Dusk Towers

Players

Richard - Winner!

  • Race: Zerg Zerg
  • League: Diamond

A.I. 1 (Very Easy)

  • Race: Terran Terran

VOD

Have the link to the VOD?

Description

An easy to execute and strong 2 base Roach Ravager Timing Attack with +1 Missile and Roach Speed. Easier to execute than a 3 Base build of the same style, and no need to scout if your opponent is doing a 2 base all-in or not.

- 13 Overlord
- 17 Hatchery (send drone when you have 180~200 minerals)
- 18 Gas
- 18 Spawning Pool
- 19 Overlord (stop droning)
- @Spawning Pool: 2 Queens + 2 sets lings + metabolic boost (zergling speed) + take 2 drones off of gas (resume droning)
- 31 3rd Queen + Overlord
- 36 Overlord
- 40 Overlord (optional, if you sacrifice an overlord into opponent's base to scout you'll need to replace it)
- 44 Overlord
- 3:30 Roach Warren
- @2 Base Saturation (16/16 drones on both mineral lines): Back on gas in the main, add 3 gases, take a 3rd base
- @100 Gas: Lair + Evolution Chamber
- @Evolution Chamber: +1 Missile Attack
- @Lair: Roach Speed
- Constant Roach Production
- Attack 25 seconds before +1 and Roach Speed finish so that they finish by the time you reach the other side of the map, should be done around 6:30 and have 120+ supply

Time

  • Played on: March 26, 2016, 2:59 a.m.
  • Length: 8:16
Show
View Real Time Build Order
Export as new Build Order

Richard Zerg - Winner!

Build Orders: Hatch First 

Get SALT Encoding   

  12  0:01  Drone  
  13  0:12  Overlord  
  13  0:17  Drone  
  14  0:30  Drone  
  14  0:31  Drone  
  14  0:34  Drone  
  17  0:54  Hatchery  
  17  0:57  Drone  
  17  0:59  Drone  
  17  1:03  Extractor  
  17  1:07  Drone  
  18  1:21  Spawning Pool  
  18  1:22  Drone  
  18  1:28  Drone  
  19  1:42  Overlord  
  19  2:07  Metabolic Boost  
  19  2:09  Queen x2  
  19  2:10  Zergling x4  
  19  2:13  Drone  
  19  2:14  Drone  
  27  2:17  Drone  
  27  2:22  Drone  
  29  2:28  Drone  
  30  2:32  Drone  
  31  2:43  Overlord  
  31  2:44  Queen  
  31  2:50  Drone x2  
  35  2:54  Drone  
  36  3:02  Overlord  
  36  3:05  Drone  
  37  3:11  Drone  
  38  3:20  Drone x2, Overlord  
  38  3:24  Drone x3  
  38  3:25  Drone  
  44  3:28  Drone  
  44  3:31  Overlord  
  45  3:36  Roach Warren  
  45  3:38  Drone  
  45  3:42  Drone  
  45  3:44  Extractor  
  45  3:46  Extractor  
  44  3:52  Drone x3  
  44  3:55  Lair  
  47  3:56  Drone  
  47  3:59  Extractor  
  47  4:00  Drone, Evolution Chamber  
  47  4:05  Drone x2  
  47  4:07  Drone  
  50  4:12  Drone  
  50  4:14  Drone  
  52  4:20  Spore Crawler  
  52  4:23  Spine Crawler  
  52  4:24  Spore Crawler  
  49  4:25  Drone x2  
  49  4:29  Drone  
  52  4:32  Zerg Missile Weapons Level 1  
  52  4:36  Overlord x2  
  54  4:45  Roach  
  54  4:46  Roach x3  
  54  4:51  Hatchery  
  59  4:56  Roach x2  
  63  5:01  Roach x2  
  63  5:06  Overlord x2  
  67  5:07  Drone  
  67  5:09  Overlord  
  67  5:10  Overseer  
  67  5:13  Glial Reconstitution  
  68  5:15  Roach  
  68  5:18  Roach  
  72  5:23  Roach  
  72  5:24  Roach  
  72  5:28  Roach x2  
  80  5:35  Overlord  
  80  5:36  Overlord  
  80  5:37  Roach  
  80  5:40  Roach  
  84  5:45  Roach x2  
  88  5:51  Roach x2  
  88  5:54  Roach  
  88  5:56  Roach  
  96  5:58  Roach  
  98  6:07  Overlord x2  
  98  6:08  Roach  
  98  6:09  Roach  
  102  6:12  Roach x2  
  102  6:15  Roach  
  108  6:20  Roach x2  
  114  6:25  Ravager x3  
  114  6:26  Ravager  
  114  6:29  Roach x2  
  120  6:38  Overlord x2  
  120  6:39  Roach x2  
  124  6:44  Ravager  
  124  6:45  Ravager  
  125  6:48  Roach  
  127  6:55  Roach x3  
  131  7:02  Roach x3  
  137  7:14  Roach x4  
  137  7:15  Roach x2  
  149  7:19  Roach  
  151  7:25  Roach  
  153  7:31  Overlord  
  153  7:32  Overlord x2  
  153  7:49  Overlord x3  
Show
View Real Time Build Order
Export as new Build Order

A.I. 1 (Very Easy) Terran 

Build Orders: Reaper Expand 

Get SALT Encoding   

  12  0:00  SCV  
  13  0:13  SCV  
  14  0:19  Supply Depot  
  14  0:42  Barracks  
  14  1:02  Command Center  
  14  1:31  Orbital Command, Marine, Supply Depot  
  15  1:39  Refinery  
  15  1:50  Refinery  
  15  1:57  SCV  
  16  2:09  SCV  
  16  2:15  SCV  
  18  2:18  Reaper  
  18  2:22  SCV  
  20  2:29  SCV  
  21  2:36  SCV  
  22  2:43  SCV  
  23  2:45  Refinery  
  23  2:50  SCV  
  24  2:57  SCV  
  25  3:03  Marine  
  25  3:05  SCV  
  27  3:12  SCV  
  28  3:19  Factory, SCV  
  29  3:41  Refinery  
  29  3:43  SCV  
  30  3:48  Marine  
  30  3:50  SCV  
  32  3:55  Supply Depot  
  32  3:57  SCV  
  33  4:05  SCV  
  33  4:06  Starport  
  33  4:07  Barracks Tech Lab  
  34  4:12  SCV  
  35  4:19  SCV  
  36  4:26  SCV  
  36  4:30  Supply Depot  
  37  4:34  SCV, Marauder  
  40  4:41  SCV  
  40  4:44  Starport Tech Lab  
  41  4:48  SCV  
  42  4:55  SCV  
  43  5:02  SCV  
  43  5:03  Raven  
  46  5:09  SCV  
  47  5:17  SCV  
  47  5:19  Marauder  
  50  5:46  Raven  
  52  6:03  Marine  
  53  6:38  SCV  
  53  6:48  Marine  
  45  7:07  Supply Depot, SCV  
  43  7:15  SCV  
  34  7:29  SCV  
  29  7:35  Supply Depot  
Tags
 
Add a new tag
Caveats
  • Supply blocks, unpowered buildings, or Contaminate may cause inaccurate times.
  • Supply counts are checked every 10 seconds.